3157 views
Uploaded 2020-07-28 09:11:54
Game version 1.32.6 / 1.32.7
29:18 long 1on1 ladder game on (2)SwampedTemple
Saved by Kimura
3157 views
Uploaded 2020-07-28 09:11:54
Game version 1.32.6 / 1.32.7
29:18 long 1on1 ladder game on (2)SwampedTemple

41 units @ 5.7k
/ 0.8k
23 buildings @ 3.5k
/ 1.7k


| Healing Salve | 4 | 400 |
| Lesser Clarity Potion | 6 | 420 |
| Scroll of Speed | 1 | 50 |
| Orb of Lightning | 1 | 375 |
| Tiny Great Hall | 1 | 600 |
| Scroll of Town Portal | 4 | 1400 |
| Scroll of Healing | 3 | 750 |
| Potion of Lesser Invulnerability | 3 | 450 |
| total: | 23 | 4445g |
| Peon | 12 | 900 | / | 0 |
| Troll Headhunter | 5 | 700 | / | 100 |
| Shaman | 11 | 1430 | / | 220 |
| Kodo Beast | 1 | 255 | / | 60 |
| Raider | 1 | 180 | / | 40 |
| Grunt | 1 | 200 | / | 0 |
| Tauren | 3 | 840 | / | 240 |
| Spirit Walker | 2 | 390 | / | 70 |
| Troll Berserker | 4 | 560 | / | 80 |
| Forest Troll Shadow Priest | 1 | 195 | / | 10 |
| total: | 41 | 5650g | / | 820w |
| Watch Tower | 8 | 880 | / | 640 |
| Altar of Storms | 1 | 180 | / | 50 |
| Orc Burrow | 5 | 800 | / | 200 |
| War Mill | 1 | 205 | / | 0 |
| Barracks | 1 | 180 | / | 50 |
| Voodoo Lounge | 3 | 390 | / | 90 |
| Great Hall | 1 | 385 | / | 185 |
| Beastiary | 1 | 145 | / | 140 |
| Spirit Lodge | 1 | 150 | / | 150 |
| Tauren Totem | 1 | 135 | / | 155 |
| Stronghold | 1 | 315 | / | 190 |
| Fortress | 1 | 325 | / | 190 |
| total: | 23 | 3450g | / | 1660w |
| 0:01 | Peon |
| 0:01 | Peon |
| 0:03 | Altar of Storms |
| 0:17 | Orc Burrow |
| 0:21 | Peon |
| 0:30 | Peon |
| 0:39 | Peon |
| 1:05 | War Mill |
| 1:14 | Peon |
| 1:21 | Barracks |
| 1:27 | Peon |
| 1:40 | Peon |
| 1:45 | Voodoo Lounge |
| 1:57 | Orc Burrow |
| 2:06 | Peon |
| 2:08 | War Stomp |
| 2:26 | Troll Headhunter |
| 2:36 | Troll Headhunter |
| 2:57 | Healing Salve |
| 3:20 | Stronghold |
| 3:45 | Troll Headhunter |
| 3:50 | Steel Ranged Weapons |
| 3:59 | Orc Burrow |
| 4:11 | Lesser Clarity Potion |
| 4:16 | Lesser Clarity Potion |
| 4:19 | Healing Salve |
| 4:37 | Troll Headhunter |
| 4:43 | Steel Armor |
| 4:46 | Endurance Aura |
| 5:20 | Forest Troll Shadow Priest |
| 5:25 | Troll Headhunter |
| 6:30 | Beastiary |
| 6:32 | Spirit Lodge |
| 6:38 | War Stomp |
| 6:41 | Healing Salve |
| 6:41 | Lesser Clarity Potion |
| 6:41 | Scroll of Speed |
| 6:43 | Healing Wave |
| 6:48 | Orc Burrow |
| 7:42 | Hex |
| 7:47 | Potion of Lesser Invulnerability |
| 7:50 | Fortress |
| 7:51 | Shaman |
| 8:05 | Troll Regeneration |
| 8:15 | Kodo Beast |
| 8:58 | Shaman |
| 8:59 | Raider |
| 8:59 | Ensnare |
| 9:05 | Orc Burrow |
| 9:35 | Grunt |
| 9:41 | Healing Salve |
| 9:50 | Shaman |
| 9:56 | Shaman |
| 10:24 | Orb of Lightning |
| 10:43 | Healing Wave |
| 10:46 | Shaman Adept Training |
| 10:48 | Berserker Upgrade |
| 11:20 | Scroll of Town Portal |
| 11:27 | Tauren Totem |
| 12:26 | Endurance Aura |
| 12:46 | Tauren |
| 12:47 | Pulverize |
| 12:47 | Spirit Walker |
| 12:53 | Lesser Clarity Potion |
| 13:02 | Lesser Clarity Potion |
| 13:30 | Shaman Master Training |
| 13:39 | Scroll of Town Portal |
| 14:37 | Lesser Clarity Potion |
| 14:40 | Troll Berserker |
| 14:41 | Shaman |
| 14:43 | Tauren |
| 14:46 | Hex |
| 15:03 | Scroll of Town Portal |
| 15:21 | Shaman |
| 16:05 | Spirit Walker Adept Training |
| 16:07 | Spirit Walker |
| 16:12 | Steel Melee Weapons |
| 17:23 | Tauren |
| 17:59 | Tiny Great Hall |
| 18:37 | Scroll of Town Portal |
| 19:22 | Peon |
| 19:22 | Peon |
| 19:23 | Peon |
| 19:41 | Scroll of Healing |
| 20:12 | War Stomp |
| 20:31 | Healing Wave |
| 21:38 | Troll Berserker |
| 21:38 | Troll Berserker |
| 21:39 | Shaman |
| 21:40 | Shaman |
| 21:43 | Reincarnation |
| 22:17 | Potion of Lesser Invulnerability |
| 22:17 | Scroll of Healing |
| 22:30 | War Drums Damage Increase |
| 22:43 | Potion of Lesser Invulnerability |
| 22:43 | Scroll of Healing |
| 22:50 | Watch Tower |
| 23:21 | Shaman |
| 23:47 | Watch Tower |
| 23:50 | Voodoo Lounge |
| 23:54 | Watch Tower |
| 24:33 | Reinforced Defenses |
| 24:35 | Thorium Ranged Weapons |
| 24:42 | Thorium Melee Weapons |
| 24:59 | Watch Tower |
| 25:19 | Watch Tower |
| 25:54 | Voodoo Lounge |
| 25:58 | Watch Tower |
| 26:00 | Watch Tower |
| 26:42 | Big Bad Voodoo |
| 27:00 | Spirit Walker Master Training |
| 27:04 | Endurance Aura |
| 27:26 | Hex |
| 27:42 | Troll Berserker |
| 27:44 | Shaman |
| 27:47 | Shaman |
| 27:52 | Watch Tower |
| 27:59 | Great Hall |
| Right click | 2113 |
| Select group | 1462 |
| Select | 470 |
| Build/train/purchase | 151 |
| Use ability | 106 |
| Misc. action | 104 |
| Assign group | 62 |
| Chat | 46 |
| Item give/drop | 4 |
| Remove unit | 4 |
| Esc | 2 |
53 units @ 8.5k
/ 1.3k
27 buildings @ 3k
/ 1.4k



| Potion of Healing | 3 | 450 |
| Lesser Clarity Potion | 2 | 140 |
| Scroll of Healing | 3 | 750 |
| Scroll of Town Portal | 1 | 350 |
| Potion of Lesser Invulnerability | 2 | 300 |
| total: | 11 | 1990g |
| Peasant | 13 | 975 | / | 0 |
| Footman | 5 | 675 | / | 0 |
| Rifleman | 9 | 1845 | / | 270 |
| Priest | 10 | 1350 | / | 100 |
| Sorceress | 1 | 155 | / | 20 |
| Knight | 6 | 1470 | / | 360 |
| Mortar Team | 4 | 720 | / | 280 |
| Spell Breaker | 2 | 430 | / | 60 |
| Gryphon Rider | 3 | 840 | / | 210 |
| total: | 53 | 8460g | / | 1300w |
| Scout Tower | 6 | 180 | / | 120 |
| Guard Tower | 3 | 210 | / | 150 |
| Arcane Tower | 1 | 70 | / | 50 |
| Barracks | 1 | 160 | / | 60 |
| Altar of Kings | 1 | 180 | / | 50 |
| Farm | 11 | 880 | / | 220 |
| Blacksmith | 1 | 140 | / | 60 |
| Lumber Mill | 1 | 120 | / | 0 |
| Town Hall | 2 | 770 | / | 410 |
| Arcane Vault | 1 | 130 | / | 30 |
| Arcane Sanctum | 1 | 150 | / | 140 |
| Workshop | 1 | 140 | / | 140 |
| Gryphon Aviary | 1 | 140 | / | 150 |
| Keep | 1 | 320 | / | 210 |
| Castle | 1 | 360 | / | 210 |
| total: | 27 | 2990g | / | 1380w |
| 0:05 | Barracks |
| 0:11 | Altar of Kings |
| 0:12 | Peasant |
| 0:15 | Farm |
| 0:19 | Peasant |
| 0:35 | Peasant |
| 0:46 | Farm |
| 0:57 | Peasant |
| 1:04 | Peasant |
| 1:16 | Footman |
| 1:26 | Peasant |
| 1:34 | Farm |
| 1:45 | Footman |
| 2:00 | Peasant |
| 2:09 | Farm |
| 2:13 | Summon Water Elemental |
| 2:34 | Peasant |
| 2:49 | Peasant |
| 3:05 | Keep |
| 3:11 | Blacksmith |
| 3:19 | Scout Tower |
| 3:30 | Brilliance Aura |
| 3:35 | Footman |
| 3:35 | Footman |
| 3:44 | Farm |
| 4:06 | Lumber Mill |
| 4:26 | Rifleman |
| 4:37 | Black Gunpowder |
| 4:53 | Rifleman |
| 5:23 | Rifleman |
| 5:51 | Arcane Sanctum |
| 5:55 | Summon Water Elemental |
| 6:11 | Farm |
| 6:14 | Guard Tower |
| 6:34 | Storm Bolt |
| 6:40 | Rifleman |
| 6:44 | Studded Leather Armor |
| 7:14 | Priest |
| 7:14 | Priest |
| 7:28 | Sorceress |
| 7:37 | Rifleman |
| 8:18 | Castle |
| 8:22 | Bash |
| 8:37 | Farm |
| 8:57 | Refined Gunpowder |
| 9:00 | Brilliance Aura |
| 9:32 | Rifleman |
| 9:33 | Long Rifles |
| 9:55 | Workshop |
| 10:10 | Iron Forged Swords |
| 10:12 | Priest Adept Training |
| 10:18 | Scroll of Healing |
| 10:24 | Potion of Lesser Invulnerability |
| 10:44 | Knight |
| 11:21 | Town Hall |
| 11:28 | Priest Master Training |
| 11:40 | Farm |
| 11:42 | Farm |
| 11:42 | Farm |
| 11:59 | Storm Bolt |
| 13:07 | Priest |
| 13:08 | Mortar Team |
| 13:08 | Mortar Team |
| 13:13 | Scout Tower |
| 13:46 | Guard Tower |
| 14:32 | Peasant |
| 14:32 | Peasant |
| 14:32 | Peasant |
| 14:38 | Arcane Vault |
| 14:45 | Priest |
| 14:47 | Rifleman |
| 15:03 | Peasant |
| 15:23 | Scout Tower |
| 15:44 | Scroll of Healing |
| 15:53 | Knight |
| 16:18 | Arcane Tower |
| 16:23 | Spell Breaker |
| 16:47 | Holy Light |
| 17:22 | Imbued Gunpowder |
| 17:23 | Steel Forged Swords |
| 17:25 | Knight |
| 17:25 | Knight |
| 17:54 | Potion of Lesser Invulnerability |
| 18:02 | Priest |
| 18:05 | Footman |
| 18:15 | Scout Tower |
| 18:25 | Farm |
| 18:30 | Iron Plating |
| 18:49 | Potion of Healing |
| 19:09 | Gryphon Aviary |
| 19:46 | Flare |
| 20:58 | Summon Water Elemental |
| 21:25 | Potion of Healing |
| 21:32 | Bash |
| 21:35 | Guard Tower |
| 21:42 | Rifleman |
| 21:43 | Rifleman |
| 22:05 | Lesser Clarity Potion |
| 22:12 | Mortar Team |
| 22:12 | Mortar Team |
| 22:13 | Knight |
| 22:48 | Gryphon Rider |
| 23:07 | Potion of Healing |
| 23:12 | Gryphon Rider |
| 23:19 | Spell Breaker |
| 23:33 | Lesser Clarity Potion |
| 23:46 | Priest |
| 23:47 | Priest |
| 24:05 | Gryphon Rider |
| 25:00 | Priest |
| 25:01 | Priest |
| 25:05 | Scroll of Healing |
| 25:50 | Scroll of Town Portal |
| 26:50 | Knight |
| 27:45 | Town Hall |
| 27:50 | Priest |
| 28:31 | Scout Tower |
| 28:36 | Scout Tower |
| Right click | 1366 |
| Select | 561 |
| Build/train/purchase | 185 |
| Use ability | 30 |
| Chat | 10 |
| Item give/drop | 5 |
| Remove unit | 2 |